 Dungeon Crawl Stone Soup version 0.31.0-12-g77e489cdc1 (webtiles) character file.

Game seed: 11683948308404567746

10 Silvore the Trooper (level 2, -2/24 HPs)
             Began as a Demonspawn Fighter on Feb 12, 2024.
             Frozen to death by an endoplasm (5 damage)
             ... on level 1 of the Dungeon.
             The game lasted 00:00:18 (163 turns).

Silvore the Trooper (Demonspawn Fighter)             Turns: 163, Time: 00:00:19

Health: -2/24      AC:  6    Str: 16    XL:     2   Next: 10%
Magic:  2/2        EV:  8    Int:  8    God:
Gold:   14         SH:  4    Dex: 12    Spells: 1/1 levels left

rFire   . . .        a - +0 long sword
rCold   . . .        c - +0 buckler
rNeg    . . .        b - +0 scale mail
rPois   .            (no helmet)
rElec   .            (no cloak)
rCorr   .            (no gloves)
SInv    .            (no boots)
Will    .....        (no amulet) Stlth
                     (no ring)
HPRegen 0.24/turn    (no ring)
MPRegen 0.08/turn

%: no passive effects
@: no status effects
A: claws 1
a: no special abilities


You were on level 1 of the Dungeon.
You visited 1 branch of the dungeon, and saw 1 of its levels.

You collected 14 gold pieces.

Inventory:

Hand Weapons
 a - a +0 long sword (weapon)
Armour
 b - a +0 scale mail (worn)
 c - a +0 buckler (worn)
Potions
 d - a potion of might
 e - a potion of ambrosia {unknown}


   Skills:
 + Level 3.1 Fighting
 + Level 1.9 Long Blades
 + Level 2.9 Armour
 + Level 2.8 Shields


You had one spell level left.
You didn't know any spells.
Your spell library was empty.

Dungeon Overview and Level Annotations

Branches:
Dungeon (1/15)

Altars:


Innate Abilities, Weirdness & Mutations

You have sharp fingernails.


Message History

The frilled lizard bites you. The endoplasm hits you.
The frilled lizard bites you. The endoplasm freezes you.
You are frozen.
You block the frilled lizard's attack. The endoplasm freezes you.
You are frozen.
* * * LOW HITPOINT WARNING * * *
The frilled lizard bites you.
* * * LOW HITPOINT WARNING * * *
The endoplasm barely misses you.
The frilled lizard bites you but does no damage.
You block the endoplasm's attack.
The frilled lizard bites you but does no damage.
The endoplasm hits you.
* * * LOW HITPOINT WARNING * * *
The frilled lizard bites you but does no damage.
The endoplasm hits you but does no damage.
You block the frilled lizard's attack. The endoplasm freezes you.
You are frozen.
* * * LOW HITPOINT WARNING * * *
The frilled lizard bites you but does no damage.
The endoplasm closely misses you. You block the frilled lizard's attack.
The endoplasm closely misses you. You block the frilled lizard's attack.
You block the endoplasm's attack.
The frilled lizard bites you but does no damage.
The endoplasm freezes you.
You are frozen.
* * * LOW HITPOINT WARNING * * *
The frilled lizard bites you.
* * * LOW HITPOINT WARNING * * *
The endoplasm hits you but does no damage.
The frilled lizard barely misses you. The endoplasm hits you.
* * * LOW HITPOINT WARNING * * *
The frilled lizard bites you but does no damage.
You block the endoplasm's attack. The frilled lizard closely misses you.
The endoplasm freezes you.
You are frozen.
You die...

..##...### ♣♣♣♣#
.......... .....
#.##..... ...# #.##...#
###..# .### #.##...#
....# .....###.##...#
#..#
.......l......#######..#
#...J@......[.........
.............?#######..#
..#..#.#.#..............
.......#.#.#..#######..#
..#..#.#.#.#..# ..... .
#..#..##.#..# ###..# ...
... #.#..# .... .#. #..
#.#### ##..#


You could see an endoplasm and a frilled lizard.

Vanquished Creatures
  2 endoplasms (D:1)
  2 giant cockroaches (D:1)
  A hobgoblin (D:1)
  A kobold (D:1)
  A bat (D:1)
  A frilled lizard (D:1)
  A rat (D:1)
9 creatures vanquished.

Notes
Turn   | Place    | Note
-------+----------+-------------------------------------------
     0 | D:1      | Silvore the Demonspawn Fighter began the quest for the Orb.
     0 | D:1      | Reached XP level 1. HP: 18/18 MP: 1/1
   108 | D:1      | Gained mutation: You have sharp fingernails. [demonic
                  | ancestry]
   108 | D:1      | Reached XP level 2. HP: 9/24 MP: 2/2
   163 | D:1      | Frozen to death by an endoplasm

Illustrated notes

Levels and vault maps discovered:
D:1:      giann_forest_graveyard, layout_basic

Action                     || total
---------------------------++-------
  Melee: Long sword        ||    25
 Armour: Scale mail        ||    38
  Dodge: Dodged            ||    20
  Block: Buckler           ||    12
